 Dungeon Crawl Stone Soup version 0.27-a0-1272-g7c8ad2e407 (webtiles) character file.

Game seed: 9189176481686615748

1726817 Glokmah the Hoplite (level 27, 179/179 HPs)
             Began as a Demonspawn Fighter on June 10, 2021.
             Was the Champion of Okawaru.
             Escaped with the Orb
             ... and 3 runes on June 11, 2021!
             The game lasted 02:53:39 (72321 turns).

Glokmah the Hoplite (Demonspawn Fighter)           Turns: 72321, Time: 02:53:40

Health: 179/179    AC: 42    Str: 20    XL:     27
Magic:  32/32      EV: 26    Int: 10    God:    Okawaru [******]
Gold:   6237       SH: 30    Dex: 23    Spells: 33/38 levels left

rFire    + + +     SeeInvis .   b - +8 hand axe of the Final Decision {vamp, *Corrode rF++ rN+++ Will-}
rCold    + . .     Faith    .   Y - +8 kite shield of Feshybil {Harm rF+}
rNeg     + + +     Spirit   +   W - +10 plate armour {rC+}
rPois    +         Reflect  .   (helmet restricted)
rElec    +         Harm     +   w - +2 cloak {rPois}
rCorr    +         Rampage  .   L - +2 pair of gloves {Dex+3}
Will     +++..                  (boots unavailable)
Stlth    ..........             y - amulet of Rappaykh {Spirit Slay+3}
HPRegen  0.39/turn              M - ring of Luxzaz Fuow {rF++ rCorr EV+4 Int-2 Slay+2}
MPRegen  0.23/turn              R - ring "Wopasapt" {rElec Will++ EV+4}

@: studying Short Blades, repel missiles
A: talons 3, repulsion field 3, icemail 2, spiny 3, augmentation 3, condensation
shield, antennae 2, beak, deterioration 1, frail 2, screaming 1
0: Orb of Zot
}: 3/15 runes: barnacled, silver, gossamer
a: Renounce Religion, Heroism, Finesse


You escaped.
You worshipped Okawaru.
Okawaru was exalted by your worship.
You visited 9 branches of the dungeon, and saw 47 of its levels.
You visited the Abyss 4 times.
You visited 1 bazaar.
You also visited: Trove, Ossuary, Gauntlet and Ice Cave.

You collected 7830 gold pieces.
You spent 1593 gold pieces at shops.

Inventory:

Hand Weapons
 a - a +9 demon whip of electrocution
 b - the +8 hand axe of the Final Decision (weapon) {vamp, *Corrode rF++ rN+++ Will-}
   (You found it on level 1 of the Lair of Beasts)

   It inflicts no extra harm, but heals its wielder when it wounds a living foe.
   It greatly protects you from fire.
   It renders you almost immune to negative energy.
   It may corrode you when you take damage.
   It decreases your willpower.
 c - a +6 demon trident of flaming
 d - a +6 antimagic demon whip
 q - the +6 morningstar "Pendulum" {freeze, +Rage Will++ rCorr Str-4}
   (Okawaru gifted it to you on level 6 of the Lair of Beasts)

   It has been specially enchanted to freeze those struck by it, causing extra
   injury to most foes and up to half again as much damage against particularly
   susceptible opponents.
   It can also slow down cold-blooded creatures.
   It affects your strength (-4).
   It lets you go berserk.
   It protects you from acid and corrosion.
   It greatly increases your willpower.
Missiles
 e - 56 javelins
 f - 33 silver javelins (quivered)
 g - 21 silver boomerangs
 s - 23 atropa-tipped darts
 B - 19 curare-tipped darts
 I - 103 boomerangs
 O - 9 throwing nets
 U - 8 boomerangs of dispersal
Armour
 w - a +2 cloak of poison resistance (worn)
 L - a +2 pair of gloves of dexterity (worn)
 W - a +10 plate armour of cold resistance (worn)
 X - the +2 helmet of Discretion {Rampage +Inv Will+}
   (Okawaru gifted it to you on level 5 of the Lair of Beasts)

   It lets you turn invisible.
   It bestows one free step when moving towards enemies.
   It increases your willpower.
 Y - the +8 kite shield of Feshybil (worn) {Harm rF+}
   (Okawaru gifted it to you on level 1 of the Abyss)

   It protects you from fire.
   It increases damage dealt and taken.
Jewellery
 l - the ring "Pefiny" {Fly rPois Int+6}
   (You found it on level 3 of the Realm of Zot)

   [ring of intelligence]

   It affects your intelligence (+6).
   It protects you from poison.
   It grants you flight.
 y - the amulet of Rappaykh (around neck) {Spirit Slay+3}
   (You acquired it on level 2 of the Spider Nest)

   [amulet of guardian spirit]

   It causes incoming damage to be divided between your reserves of health and
   magic.
   It affects your accuracy and damage with ranged weapons and melee attacks
   (+3).
 M - the ring of Luxzaz Fuow (left hand) {rF++ rCorr EV+4 Int-2 Slay+2}
   (You took it off a spriggan air mage on level 4 of the Depths)

   [ring of evasion]

   It affects your evasion (+4).
   It affects your intelligence (-2).
   It affects your accuracy and damage with ranged weapons and melee attacks
   (+2).
   It greatly protects you from fire.
   It protects you from acid and corrosion.
 R - the ring "Wopasapt" (right hand) {rElec Will++ EV+4}
   (You found it in an ice cave)

   [ring of evasion]

   It affects your evasion (+4).
   It insulates you from electricity.
   It greatly increases your willpower.
 T - the ring of Ruulaibb {rPois SInv}
   (You found it on level 9 of the Dungeon)

   [ring of see invisible]

   It protects you from poison.
   It lets you see invisible.
Wands
 j - a wand of digging (16)
 m - a wand of charming (7)
 p - a wand of flame (176)
 A - a wand of iceblast (55)
 N - a wand of acid (19)
 S - a wand of polymorph (39)
 Z - a wand of paralysis (30)
Scrolls
 h - 3 scrolls of fear
 i - 5 scrolls of summoning
 k - 22 scrolls of teleportation
 n - 8 scrolls of magic mapping
 o - 9 scrolls of identify
 u - 5 scrolls of blinking
 D - 5 scrolls of silence
 E - 3 scrolls of amnesia
Potions
 r - 7 potions of ambrosia
 t - 3 potions of cancellation
 v - 3 potions of brilliance
 z - 4 potions of haste
 F - 9 potions of resistance
 H - 18 potions of curing
 K - 7 potions of lignification
 P - 4 potions of flight
 Q - 9 potions of might
Miscellaneous
 C - a lightning rod (3/4)
 G - a condenser vane
 J - a phantom mirror


   Skills:
 + Level 20.0 Fighting
 - Level 12.0 Short Blades
 - Level 8.2(14.0) Axes
 - Level 12.0(12.9) Maces & Flails
 - Level 14.0(14.7) Polearms
 + Level 14.4 Throwing
 + Level 16.0 Armour
 - Level 12.0 Dodging
 * Level 23.3 Shields
 - Level 6.0 Spellcasting
 - Level 9.2 Translocations
 - Level 9.0 Transmutations
 - Level 10.0 Invocations
 - Level 13.0 Evocations


You had 33 spell levels left.
You knew the following spells:

 Your Spells              Type           Power      Damage    Failure   Level
a - Wereblood             Tmut           46%        N/A       8%          2
b - Blink                 Tloc           N/A        N/A       8%          2
c - Apportation           Tloc           94%        N/A       4%          1

Your spell library contained the following spells:

 Spells                   Type           Power      Damage    Failure   Level
 Beastly Appendage        Tmut           92%        N/A       5%          1
 Sting                    Tmut/Pois      100%       1d8       32%         1
 Passage of Golubria      Tloc           N/A        N/A       43%         4
 Passwall                 Tmut/Erth      21%        N/A       45%         2
 Spider Form              Tmut/Pois      13%        N/A       69%         3
 Ignite Poison            Fire/Tmut/Pois 19%        N/A       88%         3
 Animate Skeleton         Necr           12%        N/A       91%         1
 Corona                   Hex            6%         N/A       91%         1
 Foxfire                  Conj/Fire      24%        2x1d5     91%         1
 Freeze                   Ice            24%        1d5       91%         1
 Magic Dart               Conj           24%        1d4       91%         1
 Summon Small Mammal      Summ           24%        N/A       91%         1
 Call Imp                 Summ           6%         N/A       97%         2
 Ensorcelled Hibernation  Hex/Ice        12%        N/A       97%         2
 Poisonous Vapours        Pois/Air       12%        N/A       97%         2
 Slow                     Hex            6%         N/A       97%         2
 Ice Form                 Ice/Tmut       26%        N/A       97%         4
 Call Canine Familiar     Summ           6%         N/A       99%         3
 Confusing Touch          Hex            6%         N/A       99%         3
 Conjure Flame            Conj/Fire      6%         6-21      99%         3
 Dazzling Flash           Conj/Hex       12%        N/A       99%         3
 Frozen Ramparts          Ice            12%        1d3       99%         3
 Inner Flame              Hex/Fire       6%         N/A       99%         3
 Mephitic Cloud           Conj/Pois/Air  6%         N/A       99%         3
 Ozocubu's Armour         Ice            6%         N/A       99%         3
 Summon Guardian Golem    Hex/Summ       6%         N/A       99%         3
 Swiftness                Air            6%         N/A       99%         3
 Tukima's Dance           Hex            6%         N/A       99%         3
 Animate Armour           Summ/Erth      12%        N/A       100%        4
 Animate Dead             Necr           3%         N/A       100%        4
 Hailstorm                Conj/Ice       6%         3d4       100%        4
 Olgreb's Toxic Radiance  Pois           6%         N/A       100%        4
 Sticky Flame             Conj/Fire      6%         2d3       100%        4
 Summon Ice Beast         Ice/Summ       6%         N/A       100%        4
 Summon Lightning Spire   Summ/Air       6%         N/A       100%        4
 Borgnjor's Vile Clutch   Necr/Erth      3%         N/A       100%        5
 Fireball                 Conj/Fire      3%         3d4       100%        5
 Irradiate                Conj/Tmut      13%        3d18      100%        5
 Lee's Rapid Deconstruct  Erth           3%         3d6*      100%        5
 Lightning Bolt           Conj/Air       3%         1d14      100%        5
 Metabolic Englaciation   Hex/Ice        3%         N/A       100%        5
 Silence                  Hex/Air        3%         N/A       100%        5
 Summon Forest            Summ/Tloc      13%        N/A       100%        5
 Summon Mana Viper        Hex/Summ       6%         N/A       100%        5
 Yara's Violent Unravell  Hex/Tmut       13%        3d7       100%        5
 Blade Hands              Tmut           23%        N/A       100%        6
 Conjure Ball Lightning   Conj/Air       3%         3x3d6     100%        6
 Death Channel            Necr           3%         N/A       100%        6
 Invisibility             Hex            3%         N/A       100%        6
 Shadow Creatures         Summ           N/A        N/A       100%        6
 Simulacrum               Ice/Necr       3%         N/A       100%        6
 Starburst                Conj/Fire      3%         8x6d3     100%        6
 Statue Form              Tmut/Erth      17%        N/A       100%        6
 Dragon Form              Tmut           23%        N/A       100%        7
 Ozocubu's Refrigeration  Ice            3%         4d5       100%        7
 Storm Form               Tmut/Air       13%        N/A       100%        7
 Summon Hydra             Summ           3%         N/A       100%        7
 Borgnjor's Revivificati  Necr           3%         N/A       100%        8
 Ignition                 Fire           3%         3d4       100%        8
 Infestation              Necr           3%         N/A       100%        8
 Lehudib's Crystal Spear  Conj/Erth      3%         10d2      100%        8
 Necromutation            Tmut/Necr      13%        N/A       100%        8
 Chain Lightning          Conj/Air       3%         3d4       100%        9
 Death's Door             Necr           3%         N/A       100%        9
 Fire Storm               Conj/Fire      3%         8d1       100%        9
 Polar Vortex             Ice            3%         N/A       100%        9


Dungeon Overview and Level Annotations

Branches:
Dungeon (15/15)            Temple (1/1) D:4            Lair (6/6) D:9
 Shoals (4/4) Lair:3       Spider (4/4) Lair:4        Slime (0/5) Lair:5
    Orc (2/2) D:10            Elf (0/3) Orc:2        Vaults (5/5) D:13
  Crypt (0/3) Vaults:2     Depths (5/5) D:15            Zot (5/5) Depths:5
Ossuary (visited)           IceCv (visited)         Gauntlet (visited)

Altars:
Ashenzari
Cheibriados
Dithmenos
Elyvilon
Fedhas
Gozag
Hepliaklqana
Kikubaaqudgha
Makhleb
Nemelex Xobeh
Okawaru
Qazlal
Ru
Sif Muna
Trog
Uskayaw
Vehumet
Wu Jian
Xom
Yredelemnul
Zin
The Shining One
Beogh
Jiyva
Lugonu

Shops:
D:6 [   D:10 [***   D:13 :?(   Orc:2 =([:   Shoals:1 [   Shoals:2 (
Vaults:4 [   Depths:4 (

Portals:
Hell: Depths:1 Depths:2 Depths:3 Depths:4 Depths:5
Abyss: Depths:3 Depths:4 Depths:5
Pandemonium: Depths:3 Depths:4
Ziggurat: Depths:1

Annotations:
Spider:4 1 exclusion
Depths:5 4 runed translucent doors


Innate Abilities, Weirdness & Mutations

You have claws for feet.
You are surrounded by a strong repulsion field. (EV +4, RMsl)
A meltable icy envelope protects you from harm. (AC +8)
You are completely covered in sharp spines.
Your magical and physical power is greatly enhanced at high health.
A meltable shield of frost defends you. (SH +4)
You have a pair of antennae on your head.
You have a beak for a mouth.
Your body sometimes deteriorates upon taking damage.
You are very frail. (-20% HP)
You occasionally shout uncontrollably at your foes.


Message History

You climb upwards.
There is a stone staircase leading down here.
There is a stone staircase leading up here.
You climb upwards.
There is a stone staircase leading down here.
An orange demon comes into view.
The orange demon screeches!
You hear a grinding noise.
A cacodemon comes into view.
A sixfirhy comes into view.
There is a stone staircase leading up here.
You climb upwards.
There is a stone staircase leading down here.
There is an open door here.
You sense a monster nearby.
A shadow demon comes into view.
The shadow demon gives a loud, deep croak!
There is an open door here.
A chaos spawn comes into view.
You yell at the chaos spawn!
The chaos spawn growls angrily.
A Hell Sentinel comes into view.
Aiming: Dig
Press: ? - help, Shift-Dir - straight line A rock wall.
This square is covered in magical glow.
The rock shatters into small pieces.
The shadow demon gestures.
Aiming: Thunderbolt
Press: ? - help, Shift-Dir - straight line, f - shadow demon
Aim: a shadow demon The thunderbolt hits the shadow demon.
The shadow demon is lightly wounded.
The shadow demon gestures.
There's nothing to close nearby.
You block the bat's attack. x2
You block the bat's attack.
There is a staircase leading out of the dungeon here.
You block the bat's attack.
You have escaped!

#####.###### #.# #.# ### #.# #.#
#.# #.# #.# #.# ##'## ###.# #.#
##...#### #...# #.#
##.......########## ######.####
##......#+##≈≈≈≈≈## #..4......#
#.....###8........####r###g#...##
'.....+.........@..4..12.2K......
#.....###8........####.###..)..##
##......#'##≈≈≈b≈### #.# ###...#
##.......########.# #.# #{#.#
##...#### #..##.# #.#####.#.# #
##'## #..##.# #.........# # #.#
#..##.# #######.### # #.# #.....#
#.# # # ##.## ##.#### #.# #


You could see a Hell Sentinel, a shadow demon, a chaos spawn, a bat (summoned)
and a rat (summoned, wandering).

Vanquished Creatures
  The ghost of Glokmah the Slayer, a legendary GnVM of Ashenzari (Zot:5)
  4 ancient liches
  4 orbs of fire
  3 dread liches
  Mara (Spider:3)
  3 juggernauts
  A pandemonium lord (Depths:5)
  10 Killer Klowns
  Bai Suzhen (Spider:3)
  Saint Roka (Vaults:2)
  2 curse toes
  7 golden dragons
  Arachne (Spider:2)
  9 bone dragons
  A profane servitor (Abyss:3)
  7 electric golems
  19 tentacled monstrosities
  2 hellephants
  Rupert (Lair:5)
  26 Orb Guardians
  4 liches
  Asterion (Spider:3)
  The ghost of Ismar the Stormcaller, an adept TeWz of Fedhas (Shoals:3)
  4 titans
  9 death cobs
  7 quicksilver dragons
  2 Executioners
  5 sphinxes
  Polyphemus (Shoals:4)
  10 tentacled starspawn
  15 storm dragons
  A thorn hunter (Abyss:3)
  Donald (Orc:1)
  6 tengu reavers
  10 shadow dragons
  5 draconian monks
  7 ghost moths
  Ilsuiw (Shoals:4)
  8 frost giants
  8 fire giants
  A balrug (Depths:3)
  14 draconian scorchers
  9 draconian knights
  13 vault wardens
  Louise (Depths:5)
  2 deep elf sorcerers
  An orc warlord (Vaults:4)
  3 draconian shifters
  7 emperor scorpions
  2 iron dragons (Vaults:5)
  A deep elf elementalist (Depths:4)
  32 very ugly things
  17 ironbound preservers
  A reaper (Abyss:1)
  4 draconian annihilators
  3 draconian stormcallers
  3 war gargoyles
  15 stone giants
  A quicksilver ooze (shapeshifter) (Vaults:5)
  2 spriggan defenders (Depths:5)
  3 vampire knights
  12 green draconians
  2 caustic shrike skeletons (Depths:1)
  2 deep elf annihilators (Vaults:5)
  Azrael (Orc:2)
  6 entropy weavers
  A deep elf demonologist (Vaults:3)
  A lorocyproca (Abyss:1)
  9 black draconians
  18 red draconians
  11 yellow draconians
  The ghost of Leupn the Thaumaturge, a journeyman GnSk of Okawaru (Lair:3)
  6 spark wasps
  A dire elephant (shapeshifter) (Vaults:5)
  2 dire elephants (Vaults:2)
  2 deep elf death magi
  9 purple draconians
  15 white draconians
  3 merfolk javelineers
  3 blizzard demons
  7 merfolk impalers
  A crystal guardian (Abyss:1)
  3 jiangshi (Abyss:4)
  8 ettins
  A green death (Depths:2)
  2 deep elf high priests (Vaults:5)
  Josephine (D:15)
  11 fire dragons
  12 yaktaur captains
  6 ironbound thunderhulks
  13 great orbs of eyes
  37 vault guards
  11 ice dragons
  5 spriggan air magi
  A monstrous demonspawn (Depths:4)
  6 rakshasas
  Erolcha (D:9)
  2 peacekeepers (Vaults:3)
  The ghost of zzzzzzzz the Grappler, a novice TrBe of Trog (D:10)
  An ogre mage (Orc:2)
  4 boulder beetles
  10 hydras
  3 alligator snapping turtles
  2 catoblepae
  9 ironbound frosthearts
  6 merfolk avatars
  An anaconda (shapeshifter) (Depths:4)
  A two-headed ogre (shapeshifter) (Depths:2)
  2 centaur warriors
  8 death scarabs (Spider:4)
  A dancing weapon (Abyss:4)
  6 merfolk aquamancers
  7 two-headed ogres
  8 deep troll shamans
  3 satyrs
  7 deep troll earth magi
  10 death yaks
  4 tengu warriors
  8 spriggan berserkers
  A vampire mage (Abyss:4)
  5 thrashing horrors
  3 ironbound beastmasters
  A soul eater (Abyss:2)
  A hell knight (Depths:1)
  5 orc high priests (Orc:2)
  4 wretched stars
  Sonja (Orc:2)
  3 skeletal warriors (D:15)
  30 large abominations
  7 sixfirhies
  3 sun demons
  5 iron trolls
  A fire crab (Lair:5)
  2 glowing orange brains (shapeshifter)
  12 slime creatures
  14 sea snakes
  3 spatial maelstroms
  A gelid demonspawn (Depths:4)
  4 glowing orange brains
  A sea snake (shapeshifter) (Vaults:5)
  65 deep trolls
  A flayed ghost (Depths:4)
  A kraken simulacrum (Shoals:4)
  16 orc knights
  6 wizards
  2 shadow demons
  12 harpies
  2 lindwurms
  16 ironbound convokers
  3 phantasmal warriors
  A lindwurm (shapeshifter) (Depths:2)
  2 necromancers
  A stone giant zombie (Abyss:3)
  4 spectral wolf spiders (Spider:4)
  7 orb spiders
  An iron dragon zombie (Abyss:1)
  57 ugly things
  5 deep elf pyromancers
  A frost giant zombie (Depths:1)
  8 fauns
  A tengu skeleton (Depths:2)
  An oklob plant (Lair:3)
  A wolf spider zombie (Spider:4)
  2 orc sorcerers
  29 wolf spiders
  8 cyclopes
  A will-o-the-wisp (Abyss:3)
  14 manticores
  39 moths of wrath
  A draconian (Zot:4)
  4 worldbinders
  2 shining eyes (Abyss:3)
  A cyclops (shapeshifter) (Depths:3)
  12 elephants
  3 black mambas
  A fire giant skeleton (Depths:1)
  Maurice (Orc:2)
  3 water nymphs
  10 merfolk sirens
  A black mamba (shapeshifter) (Abyss:3)
  2 rust devils
  10 smoke demons
  2 ice statues (IceCv)
  A molten gargoyle (Depths:1)
  6 vault sentinels
  2 apocalypse crabs
  A torpor snail (Spider:1)
  An orange demon (Depths:4)
  Maggie (D:9)
  A cane toad (shapeshifter) (Vaults:5)
  2 gargoyles
  3 unseen horrors
  Psyche (D:8)
  23 cane toads
  3 freezing wraiths
  6 rime drakes
  4 kobold demonologists
  A tormentor (Depths:3)
  35 yaktaurs
  2 ice devils (Depths:4)
  6 komodo dragons
  A hellion (Abyss:4)
  6 efreet
  10 demonic crawlers
  6 spectral redbacks (Spider:4)
  A guardian mummy (D:15)
  4 ancient zymes
  14 tengu conjurers
  A red devil (Depths:4)
  5 hellwings
  2 silent spectres
  2 redback zombies (Spider:4)
  4 meliai
  9 wind drakes
  33 jumping spiders
  A spectral jumping spider (Spider:4)
  4 trolls
  A shadow dragon simulacrum (Abyss:1)
  A jumping spider zombie (Spider:4)
  A meliai (shapeshifter) (Vaults:4)
  A spectral tarantella (Spider:4)
  4 tyrant leeches (Lair:6)
  26 merfolk
  14 hornets
  7 raiju
  11 dream sheep
  39 blink frogs
  8 snapping turtles
  A fire giant simulacrum (Depths:1)
  77 redbacks
  7 spriggans
  Sigmund (D:2)
  9 wraiths
  A shadow (D:13)
  31 starcursed masses
  A tarantella (shapeshifter) (D:14)
  4 vampires
  4 ynoxinuls
  A flying skull (Abyss:2)
  30 tarantellas
  A spriggan skeleton (Depths:2)
  43 yaks
  2 wyverns
  A human (D:13)
  17 water elementals
  A fire bat (Abyss:1)
  2 fire elementals (Orc:1)
  5 basilisks
  6 chaos spawn
  5 neqoxecs
  A steam dragon (D:7)
  27 vampire mosquitoes
  A merfolk zombie (Abyss:2)
  5 spatial vortices (Abyss:2)
  4 acid dragons
  6 wargs
  3 hell hounds
  A floating eye (shapeshifter) (Vaults:5)
  16 water moccasins
  A human skeleton (Depths:2)
  17 small abominations
  44 orc warriors
  A hornet zombie (Spider:4)
  4 necrophages
  17 ice beasts
  5 ogres
  A swamp dragon skeleton (Abyss:3)
  56 wolves
  2 phantoms (D:5)
  9 centaurs
  5 kobold brigands
  27 bullfrogs
  2 gnoll sergeants
  2 scorpions
  9 water moccasin zombies (Ossuary)
  14 killer bees
  A water moccasin skeleton (D:5)
  6 howler monkeys
  4 wights
  2 electric eels
  2 crimson imps
  3 quasits
  3 centaur zombies
  2 jellies
  A jelly (shapeshifter) (Vaults:5)
  32 orc priests
  6 hounds
  3 iron imps
  Ijyb (D:3)
  5 iguanas
  A scorpion zombie (D:5)
  Natasha (thrice) (D:2)
  24 orc wizards
  2 killer bee zombies
  A hound skeleton (D:4)
  3 mummies
  2 howler monkey zombies
  8 adders
  4 gnolls
  2 shadow imps
  5 white imps
  An ufetubus (Abyss:2)
  6 adder zombies (Ossuary)
  A worm (D:5)
  3 dart slugs
  82 orcs
  8 bats
  7 endoplasms
  2 giant cockroaches
  3 gnoll zombies (Ossuary)
  7 goblins
  15 hobgoblins
  6 jackals
  2 quokkas
  9 ball pythons
  A frilled lizard (D:1)
  5 hobgoblin zombies (Ossuary)
  15 kobolds
  5 kobold zombies (Ossuary)
  5 orc zombies (Ossuary)
  7 rats
  2 butterflies (Lair:1)
  2 lurking horrors (Abyss:3)
  5 starspawn tentacles
  A tentacle (Shoals:4)
2318 creatures vanquished.

Vanquished Creatures (others)
  Nikola (Vaults:2)
  A lich (Depths:3)
  A deep elf annihilator (Vaults:5)
  A green death (Abyss:4)
  3 vault guards (Vaults:5)
  A deep troll (Depths:4)
  A manticore (D:13)
  2 yaktaurs (Vaults:5)
  A small abomination (Abyss:3)
  An orc priest (Orc:1)
  An orc (Orc:2)
  A quokka (Depths:1)
  4 foxfires (Abyss:3)
  45 fungi
  115 plants
  31 starspawn tentacles
  3 tentacles (Shoals:4)
  4 withered plants (D:15)
217 creatures vanquished.

Grand Total: 2535 creatures vanquished

Notes
Turn   | Place    | Note
-------+----------+-------------------------------------------
     0 | D:1      | Glokmah the Demonspawn Fighter began the quest for the Orb.
     0 | D:1      | Reached XP level 1. HP: 18/18 MP: 1/1
   294 | D:1      | Gained mutation: You have sharp toenails. [demonic
                  | ancestry]
   294 | D:1      | Reached XP level 2. HP: 24/24 MP: 2/2
   306 | D:1      | Reached skill level 3 in Shields
   587 | D:1      | Reached XP level 3. HP: 29/29 MP: 3/3
  1414 | D:2      | Noticed Sigmund
  1566 | D:2      | Noticed Natasha
  1578 | D:2      | Killed Natasha
  1579 | D:2      | Gained mutation: You are surrounded by a mild repulsion
                  | field. (EV +2) [demonic ancestry]
  1579 | D:2      | Reached XP level 4. HP: 21/35 MP: 4/4
  1722 | D:2      | Found a faded altar of an unknown god.
  1834 | D:2      | Killed Sigmund
  1835 | D:2      | Reached skill level 4 in Shields
  1835 | D:2      | Reached XP level 5. HP: 18/42 MP: 5/5
  1997 | D:2      | Noticed Natasha
  2007 | D:2      | Killed Natasha
  2081 | D:2      | Noticed Natasha
  2090 | D:2      | Killed Natasha
  2091 | D:2      | Gained mutation: You have razor-sharp toenails. [demonic
                  | ancestry]
  2091 | D:2      | Reached XP level 6. HP: 39/48 MP: 6/6
  2800 | D:3      | HP: 2/48 [ball python (1)]
  3989 | D:4      | Noticed Ijyb
  4011 | D:3      | Killed Ijyb
  4267 | D:4      | Reached skill level 5 in Shields
  4369 | D:4      | Gained mutation: You are surrounded by a moderate repulsion
                  | field. (EV +3) [demonic ancestry]
  4369 | D:4      | Reached XP level 7. HP: 49/55 MP: 7/7
  4703 | D:4      | Found a staircase to the Ecumenical Temple.
  4715 | Temple   | Entered the Ecumenical Temple
  4975 | Temple   | Became a worshipper of Warmaster Okawaru
  5437 | D:5      | Entered Level 5 of the Dungeon
  5548 | D:5      | Reached skill level 5 in Polearms
  5721 | D:5      | Reached skill level 1 in Invocations
  6504 | D:5      | Reached skill level 5 in Fighting
  6504 | D:5      | Gained mutation: A meltable shield of frost defends you.
                  | (SH +4) [demonic ancestry]
  6504 | D:5      | Reached XP level 8. HP: 31/62 MP: 9/9
  6513 | D:5      | Reached skill level 1 in Throwing
  6528 | D:5      | Reached skill level 6 in Shields
  8382 | D:6      | Found Fumeagod's Armour Shop.
  8557 | D:7      | Found a sand-covered staircase.
  8578 | Ossuary  | Entered an ossuary
  8634 | Ossuary  | Reached * piety under Okawaru
  8723 | Ossuary  | Reached XP level 9. HP: 69/69 MP: 11/11
  8773 | Ossuary  | Reached skill level 7 in Shields
  9081 | D:7      | Reached ** piety under Okawaru
  9444 | D:7      | Reached skill level 5 in Invocations
  9513 | D:7      | HP: 3/70 [shot self (5)]
  9540 | D:7      | Killed an unseen horror
  9541 | D:7      | Reached skill level 8 in Shields
  9878 | D:7      | Gained mutation: A meltable icy envelope protects you from
                  | harm. (AC +8) [demonic ancestry]
  9878 | D:7      | Reached XP level 10. HP: 35/77 MP: 14/14
 10437 | D:8      | Reached *** piety under Okawaru
 10633 | D:8      | Received a gift from Okawaru
 10752 | D:8      | Noticed Psyche
 10762 | D:8      | Killed Psyche
 11063 | D:9      | Found a staircase to the Lair.
 11218 | D:9      | Noticed a two-headed ogre
 11230 | D:9      | Killed a two-headed ogre
 11287 | D:9      | Noticed Erolcha
 11288 | D:9      | Cast into level 2 of the Abyss (Erolcha)
 11328 | Abyss:2  | Noticed a sixfirhy
 11341 | Abyss:2  | Killed a sixfirhy
 11365 | Abyss:2  | Noticed a blizzard demon
 11368 | D:9      | Escaped the Abyss
 11380 | D:9      | Killed Erolcha
 11380 | D:9      | Reached **** piety under Okawaru
 11381 | D:9      | Reached skill level 9 in Shields
 11579 | D:9      | Noticed a manticore
 11596 | D:9      | Identified the ring of Ruulaibb {rPois SInv}
 11638 | D:9      | Noticed Maggie
 11652 | D:9      | Killed Maggie
 11687 | D:9      | Gained mutation: You are surrounded by a strong repulsion
                  | field. (EV +4, RMsl) [demonic ancestry]
 11687 | D:9      | Reached XP level 11. HP: 84/84 MP: 16/16
 11921 | D:9      | Reached skill level 5 in Throwing
 11924 | D:9      | Received a gift from Okawaru
 12143 | D:9      | Found a hazy altar of Hepliaklqana.
 12327 | D:9      | Identified the Collected Works on Curses and Confrontation
 12443 | Lair:1   | Entered Level 1 of the Lair of Beasts
 12455 | Lair:1   | Upgraded the game from 0.27-a0-1248-g57ac2eb73c to
                  | 0.27-a0-1272-g7c8ad2e407
 12583 | Lair:1   | Identified the +8 hand axe of the Final Decision {vamp,
                  | *Corrode rF++ rN+++ Will-}
 12741 | Lair:1   | Reached ***** piety under Okawaru
 12742 | Lair:1   | Received a gift from Okawaru
 12819 | Lair:1   | Reached skill level 10 in Shields
 13240 | Lair:1   | Reached skill level 10 in Polearms
 13306 | Lair:1   | Received a gift from Okawaru
 13815 | Lair:2   | Found a gate leading to a gauntlet.
 13824 | Gauntlet | Entered a Gauntlet
 13824 | Gauntlet | Found a transporter.
 13833 | Gauntlet | Found a transporter.
 13836 | Gauntlet | Found a transporter.
 13837 | Gauntlet | Found a transporter.
 13845 | Gauntlet | Found a transporter.
 13848 | Gauntlet | Found a transporter.
 13849 | Gauntlet | Found a transporter.
 13859 | Gauntlet | Found a transporter.
 13861 | Gauntlet | Found a transporter.
 13862 | Gauntlet | Found a transporter.
 13871 | Gauntlet | Found a transporter.
 13873 | Gauntlet | Found a transporter.
 13874 | Gauntlet | Found a transporter.
 13882 | Gauntlet | Found a transporter.
 13882 | Gauntlet | Noticed a wretched star
 13930 | Gauntlet | Noticed an oklob plant
 14182 | Lair:2   | Found a frozen archway.
 14188 | IceCv    | Entered an ice cave
 14234 | IceCv    | Reached XP level 12. HP: 83/94 MP: 18/18
 14406 | IceCv    | Noticed an ice dragon
 14406 | IceCv    | Noticed an ice dragon
 14428 | IceCv    | Killed an ice dragon
 14456 | IceCv    | Killed an ice dragon
 14465 | IceCv    | Identified the ring "Wopasapt" {rElec Will++ EV+4}
 14764 | Lair:2   | Reached skill level 11 in Shields
 15423 | Lair:3   | Found a bloodstained altar of Trog.
 15431 | Lair:3   | Found a transporter.
 15502 | Lair:3   | Found a staircase to the Shoals.
 15536 | Lair:3   | Noticed a four-headed hydra
 15549 | Lair:3   | Killed a four-headed hydra
 15551 | Lair:3   | Reached skill level 10 in Invocations
 15709 | Lair:3   | Received a gift from Okawaru
 15881 | Lair:3   | Reached skill level 1 in Evocations
 15892 | Lair:3   | Reached skill level 1 in Dodging
 16101 | Lair:3   | Found a transporter.
 16103 | Lair:3   | Noticed Leupn's ghost (journeyman GnSk)
 16680 | Lair:3   | Killed Leupn's ghost
 16681 | Lair:3   | Reached XP level 13. HP: 91/101 MP: 16/20
 17065 | Lair:3   | Identified the +8 short sword of Immorality {vorpal, rF-
                  | rC+ rN+ Str+3}
 17163 | Lair:4   | Received a gift from Okawaru
 17270 | Lair:4   | Received a gift from Okawaru
 17317 | Lair:4   | Reached skill level 12 in Shields
 17746 | Lair:4   | Found a hole to the Spider Nest.
 18126 | Lair:5   | Found a viscous altar of Jiyva.
 18135 | Lair:5   | Found a staircase to the Slime Pits.
 18395 | Lair:4   | Reached ****** piety under Okawaru
 18396 | Lair:4   | Reached skill level 10 in Fighting
 18514 | Lair:5   | Noticed Rupert
 18533 | Lair:5   | Killed Rupert
 18726 | Lair:5   | Identified the +2 helmet of Discretion {Rampage +Inv Will+}
                  | (Okawaru gifted it to you on level 5 of the Lair of Beasts)
 18726 | Lair:5   | Received a gift from Okawaru
 19304 | Lair:6   | Entered Level 6 of the Lair of Beasts
 19395 | Lair:6   | Gained mutation: A meltable icy envelope protects you from
                  | harm. (AC +8) [demonic ancestry]
 19395 | Lair:6   | Reached XP level 14. HP: 106/110 MP: 21/21
 19420 | Lair:6   | Reached skill level 5 in Armour
 19831 | Lair:6   | Reached skill level 13 in Shields
 19874 | Lair:6   | Reached skill level 5 in Evocations
 20110 | Lair:6   | Identified the +6 morningstar "Pendulum" {freeze, +Rage
                  | Will++ rCorr Str-4} (Okawaru gifted it to you on level 6 of
                  | the Lair of Beasts)
 20110 | Lair:6   | Received a gift from Okawaru
 20302 | Lair:6   | Identified the ring "Rojaur" {+Blink rF++ EV+4 Dex-2}
 20946 | D:6      | Bought a +3 plate armour of cold resistance for 630 gold
                  | pieces
 21431 | D:10     | Entered Level 10 of the Dungeon
 21456 | D:10     | Found Soskar's General Store.
 21510 | D:10     | Found a staircase to the Orcish Mines.
 21578 | D:10     | Reached skill level 5 in Dodging
 21614 | D:10     | Identified the ring of Afamm {Fly rPois}
 21807 | D:10     | Found Bacvujag's Antique Armour Boutique.
 21816 | D:10     | Bought an ichor-stained scale mail for 180 gold pieces
 21816 | D:10     | Identified the +3 scale mail of Noon {rPois SInv} (You
                  | bought it in a shop on level 10 of the Dungeon)
 21898 | D:10     | Found a runed translucent gate.
 21899 | D:10     | Found a runed translucent gate.
 21900 | D:10     | Found a runed translucent gate.
 21902 | D:10     | Found Fiuruik's Assorted Antiques.
 21903 | D:10     | Noticed zzzzzzzz's ghost (novice TrBe)
 21958 | D:10     | Killed zzzzzzzz's ghost
 21976 | D:10     | Bought a transparent halberd for 270 gold pieces
 21976 | D:10     | Identified the +3 halberd of Xiveron {vorpal, *Slow rN+
                  | Str+3 Int+4} (You bought it in a shop on level 10 of the
                  | Dungeon)
 22125 | D:10     | Found Bets's General Store.
 22480 | Orc:1    | Entered Level 1 of the Orcish Mines
 23371 | Orc:2    | Entered Level 2 of the Orcish Mines
 23429 | Orc:2    | Found a staircase to the Elven Halls.
 23429 | Orc:2    | Noticed Azrael
 23454 | Orc:2    | Noticed Sonja
 23820 | Orc:1    | Received a gift from Okawaru
 23927 | Orc:2    | Killed Azrael
 24007 | Orc:2    | Gained mutation: Your magical and physical power is
                  | slightly enhanced at high health. [demonic ancestry]
 24007 | Orc:2    | Reached XP level 15. HP: 117/117 MP: 22/22
 24220 | Orc:2    | Noticed Donald
 24273 | Orc:1    | Killed Donald
 24444 | Orc:2    | Killed Sonja
 24695 | Orc:2    | Found Jifoud's Jewellery Boutique.
 24695 | Orc:2    | Found Ykoqorud's Book Boutique.
 24696 | Orc:2    | Found Unoicuonezo's Weapon Shop.
 24696 | Orc:2    | Found Vugamoaz's Antique Armour Boutique.
 24790 | Orc:2    | Noticed Maurice
 24801 | Orc:2    | Killed Maurice
 25033 | D:11     | You fall into a shaft and drop 1 floor!
 25036 | D:12     | Found a flagged portal.
 25717 | D:12     | Received a gift from Okawaru
 25725 | D:12     | Reached skill level 14 in Shields
 26562 | D:13     | Found Soakkeff's Antique Weapon Emporium.
 26576 | D:13     | Found Ettoill's Magic Scroll Emporium.
 26602 | D:13     | Found Unlew's Book Boutique.
 26650 | D:13     | Found a flickering gateway to a bazaar.
 26664 | Bazaar   | Entered a bazaar
 26668 | Bazaar   | Found Doenoff's Jewellery Boutique.
 26689 | Bazaar   | Found Tajefyc's General Store.
 26695 | Bazaar   | Bought a potion of heal wounds for 60 gold pieces
 26695 | Bazaar   | Bought a scroll of teleportation for 36 gold pieces
 26695 | Bazaar   | Bought a potion of curing for 36 gold pieces
 26695 | Bazaar   | Bought a scroll of teleportation for 36 gold pieces
 26708 | Bazaar   | Found Jaruqamn's Jewellery Boutique.
 26725 | Bazaar   | Found Sybug's Armour Emporium.
 26907 | D:13     | Identified the +0 pair of boots of the Mind {Harm rElec
                  | Str+8 Int+4}
 27122 | D:13     | Bought a scroll of magic mapping for 35 gold pieces
 27122 | D:13     | Bought a scroll of magic mapping for 35 gold pieces
 27122 | D:13     | Bought a scroll of teleportation for 30 gold pieces
 27122 | D:13     | Bought a scroll of teleportation for 30 gold pieces
 27122 | D:13     | Bought a scroll of blinking for 75 gold pieces
 27122 | D:13     | Bought a scroll of magic mapping for 35 gold pieces
 27122 | D:13     | Bought a scroll of teleportation for 30 gold pieces
 27122 | D:13     | Bought a scroll of blinking for 75 gold pieces
 27263 | D:13     | Received a gift from Okawaru
 27331 | D:13     | Found a gate to the Vaults.
 27540 | D:14     | Gained mutation: You are partially covered in sharp spines.
                  | [demonic ancestry]
 27540 | D:14     | Reached XP level 16. HP: 126/126 MP: 23/23
 27555 | D:14     | Identified the +1 chain mail "Ruesos" {Dex+2 Slay+5}
 27611 | D:14     | Received a gift from Okawaru
 28334 | D:15     | Entered Level 15 of the Dungeon
 28430 | D:15     | Identified a scroll of acquirement
 28431 | D:15     | Noticed Josephine
 28446 | D:15     | Killed Josephine
 28469 | D:15     | Acquired a manual of Short Blades
 28552 | D:15     | Found a staircase to the Depths.
 28566 | D:15     | Received a gift from Okawaru
 28567 | D:15     | Reached skill level 1 in Short Blades
 29219 | Spider:1 | Entered Level 1 of the Spider Nest
 29708 | Spider:1 | Reached skill level 15 in Shields
 29933 | Spider:1 | Received a gift from Okawaru
 30448 | Spider:2 | Acquired the amulet of Rappaykh {Spirit Slay+3}
 31178 | Spider:2 | Noticed Arachne
 31190 | Spider:2 | Killed Arachne
 31712 | Spider:3 | Noticed Asterion
 31732 | Spider:3 | Killed Asterion
 31803 | Spider:3 | Reached skill level 5 in Short Blades
 31999 | Spider:3 | Noticed Mara
 32005 | Spider:3 | Noticed Glokmah's illusion
 32007 | Spider:3 | Noticed Bai Suzhen
 32031 | Spider:3 | Killed Bai Suzhen
 32031 | Spider:3 | Received a gift from Okawaru
 32032 | Spider:3 | Reached XP level 17. HP: 84/135 MP: 12/24
 32047 | Spider:3 | Noticed Glokmah's illusion
 32051 | Spider:3 | Killed Mara
 32525 | Spider:3 | Reached skill level 1 in Maces & Flails
 32813 | Spider:4 | Entered Level 4 of the Spider Nest
 32824 | Spider:4 | Received a gift from Okawaru
 33849 | Spider:4 | Identified the +3 robe of Spring {rC+ Will+ Str+4 Slay+5}
                  | (Okawaru gifted it to you on level 4 of the Spider Nest)
 33849 | Spider:4 | Received a gift from Okawaru
 33869 | Spider:4 | Learned a level 2 spell: Wereblood
 34255 | Spider:4 | Reached skill level 10 in Evocations
 34280 | Spider:4 | Gained mutation: You have claws for feet. [demonic
                  | ancestry]
 34280 | Spider:4 | Reached XP level 18. HP: 123/140 MP: 16/25
 34347 | Spider:4 | Got a gossamer rune of Zot
 34553 | Shoals:1 | Entered Level 1 of the Shoals
 34620 | Shoals:1 | Found Jimas's Armour Emporium.
 34934 | Shoals:1 | Reached skill level 10 in Armour
 35626 | Shoals:2 | Found Aneusaf's Antique Weapon Shop.
 35655 | Shoals:2 | Received a gift from Okawaru
 36964 | Shoals:3 | Reached skill level 5 in Maces & Flails
 37656 | Shoals:3 | Reached skill level 16 in Shields
 37678 | Shoals:3 | Reached skill level 10 in Short Blades
 37844 | Shoals:3 | Found a runed translucent gate.
 37844 | Shoals:3 | Found a runed translucent gate.
 37844 | Shoals:3 | Found a runed translucent gate.
 37844 | Shoals:3 | Noticed Ismar's ghost (adept TeWz)
 37871 | Shoals:3 | Killed Ismar's ghost
 38183 | Shoals:4 | Entered Level 4 of the Shoals
 38257 | Shoals:4 | Reached skill level 1 in Spellcasting
 38829 | Shoals:4 | Received a gift from Okawaru
 38842 | Shoals:4 | Got a barnacled rune of Zot
 38890 | Shoals:4 | Noticed Ilsuiw
 38930 | Shoals:4 | Killed Ilsuiw
 39310 | Shoals:4 | Noticed Polyphemus
 39336 | Shoals:4 | Killed Polyphemus
 39600 | Shoals:4 | Gained mutation: Your magical and physical power is
                  | enhanced at high health. [demonic ancestry]
 39600 | Shoals:4 | Reached XP level 19. HP: 151/151 MP: 26/26
 39920 | Shoals:4 | Identified the +1 gold dragon scales of the Swamp {+Blink
                  | rPois rF+ rC+}
 40541 | Vaults:1 | Entered Level 1 of the Vaults
 40834 | Vaults:1 | Received a gift from Okawaru
 40838 | Vaults:1 | Reached skill level 1 in Transmutations
 41964 | Vaults:1 | Received a gift from Okawaru
 42178 | Vaults:1 | Received a gift from Okawaru
 42535 | Vaults:2 | Identified the +1 spear of Slime {flame, rElec rPois Int-4
                  | Stlth+} (Okawaru gifted it to you on level 2 of the Vaults)
 42535 | Vaults:2 | Received a gift from Okawaru
 42778 | Vaults:2 | Noticed Nikola
 42788 | Vaults:2 | Killed Nikola
 43133 | Vaults:2 | Found a staircase to the Crypt.
 43672 | Vaults:2 | Received a gift from Okawaru
 43958 | Vaults:2 | Noticed Saint Roka
 43984 | Vaults:2 | Killed Saint Roka
 43985 | Vaults:2 | Reached skill level 5 in Transmutations
 44492 | Vaults:3 | Reached skill level 10 in Throwing
 44561 | Vaults:3 | Reached XP level 20. HP: 160/160 MP: 27/27
 45235 | Vaults:3 | Reached skill level 5 in Spellcasting
 45267 | Vaults:3 | Received a gift from Okawaru
 46472 | Vaults:4 | Identified the +1 cloak "Cekivur" {Will+} (Okawaru gifted
                  | it to you on level 4 of the Vaults)
 46472 | Vaults:4 | Received a gift from Okawaru
 47087 | Vaults:4 | Found Daryqiot's Armour Emporium.
 47484 | Vaults:5 | Entered Level 5 of the Vaults
 47706 | Depths:1 | Entered Level 1 of the Depths
 47797 | Depths:1 | Found a gateway to a ziggurat.
 47821 | Depths:1 | You fall into a shaft and drop 1 floor!
 47886 | Depths:2 | Reached skill level 15 in Fighting
 48061 | Depths:1 | Reached skill level 10 in Maces & Flails
 48468 | Depths:1 | Reached XP level 21. HP: 154/168 MP: 26/30
 48542 | Depths:1 | Found a blossoming altar of Fedhas.
 48641 | Depths:1 | Found a gateway to Hell.
 48645 | Depths:1 | Identified the +4 plate armour of the Serpent {*Slow
                  | Will++} (Okawaru gifted it to you on level 1 of the Depths)
 48645 | Depths:1 | Received a gift from Okawaru
 48802 | Depths:1 | You are sucked into a shaft and drop 1 floor!
 48802 | Depths:2 | Noticed a juggernaut
 48805 | Depths:2 | Gained mutation: You are clumsy. (Dex -2) [a shining eye]
 48814 | Depths:2 | Killed a juggernaut
 48815 | Depths:2 | Reached skill level 17 in Shields
 48893 | Depths:2 | Identified the ring "Fiesomun" {rN+ MP+9 Int+3 Dex+3
                  | Slay+2}
 49901 | Depths:3 | Found a one-way gate to the infinite horrors of the Abyss.
 50032 | Depths:3 | Identified the +10 morningstar of Truncation {vorpal, Will+
                  | Int+3}
 50152 | Depths:3 | Noticed a golden dragon
 50157 | Depths:3 | Identified the +10 spear "Xaaluor" {drain, Str+4}
 50174 | Depths:3 | Killed a golden dragon
 50174 | Depths:3 | Received a gift from Okawaru
 50651 | Depths:3 | Received a gift from Okawaru
 50660 | Depths:3 | Identified the +2 scale mail of Vehumet's Esteem {rF++
                  | Str-5 Int+8}
 50814 | Depths:3 | Reached XP level 22. HP: 135/177 MP: 22/31
 51093 | Depths:3 | Found a one-way gate leading to the halls of Pandemonium.
 51563 | Depths:4 | Found a portal to a secret trove of treasure.
 51922 | Depths:4 | Noticed a juggernaut
 51937 | Depths:4 | Killed a juggernaut
 52087 | Depths:4 | Reached skill level 18 in Shields
 52265 | Depths:4 | Found a corrupted altar of Lugonu.
 52284 | Depths:4 | Identified the ring of Luxzaz Fuow {rF++ rCorr EV+4 Int-2
                  | Slay+2}
 52305 | Depths:4 | Learned a level 2 spell: Blink
 52379 | Depths:4 | Found Umucooz's Antique Weapon Emporium.
 52626 | Depths:5 | Entered Level 5 of the Depths
 52658 | Depths:4 | Reached skill level 1 in Translocations
 52697 | Depths:4 | You paid a toll of 6 scrolls of fog to enter a treasure
                  | trove
 52698 | Trove    | Entered a treasure trove
 52731 | Trove    | Identified the +10 longbow "Hell-Harrower" {vorpal, rF+
                  | Dex+4}
 52835 | Depths:5 | Noticed Louise
 52854 | Depths:5 | Killed Louise
 53382 | Depths:5 | Identified the +0 leather armour of the Blizzard {Dex+4}
 53435 | Depths:5 | Received a gift from Okawaru
 53863 | Depths:5 | Received a gift from Okawaru
 54268 | Depths:5 | Found a runed translucent door.
 54270 | Depths:5 | Found a runed translucent door.
 54270 | Depths:5 | Found a runed translucent door.
 54323 | Depths:5 | Found a runed translucent door.
 54446 | Depths:5 | Gained mutation: You are mostly covered in sharp spines.
                  | [demonic ancestry]
 54446 | Depths:5 | Reached XP level 23. HP: 184/184 MP: 32/32
 54476 | Depths:5 | Found a runed translucent door.
 54485 | Depths:5 | Found a runed translucent door.
 54498 | Depths:5 | Received a gift from Okawaru
 54882 | Depths:5 | Found a gate to the Realm of Zot.
 54897 | Depths:5 | Reached skill level 5 in Translocations
 54897 | Depths:5 | Gained mutation: You are completely covered in sharp
                  | spines. [demonic ancestry]
 54897 | Depths:5 | Reached XP level 24. HP: 180/192 MP: 30/32
 55002 | Depths:5 | Voluntarily entered the Abyss.
 55002 | Abyss:1  | Found a corrupted altar of Lugonu.
 55005 | Abyss:1  | Found a corrupted altar of Lugonu.
 55009 | Abyss:1  | Found a corrupted altar of Lugonu.
 55366 | Abyss:3  | Learned a level 1 spell: Apportation
 55403 | Abyss:3  | Gained mutation: You occasionally shout uncontrollably at
                  | your foes. [a shining eye]
 55570 | Abyss:5  | Entered Level 5 of the Abyss
 55602 | Depths:5 | Escaped the Abyss
 55607 | Depths:5 | Voluntarily entered the Abyss.
 55783 | Abyss:1  | Noticed a dread lich
 55814 | Abyss:1  | Killed a dread lich
 56171 | Depths:5 | Escaped the Abyss
 56675 | Depths:5 | Voluntarily entered the Abyss.
 56727 | Abyss:1  | Identified the +8 kite shield of Feshybil {Harm rF+}
                  | (Okawaru gifted it to you on level 1 of the Abyss)
 56727 | Abyss:1  | Received a gift from Okawaru
 56775 | Abyss:1  | Found a stormy altar of Qazlal.
 57017 | Abyss:2  | Reached skill level 19 in Shields
 57079 | Abyss:2  | Gained mutation: Your spells are a little easier to cast,
                  | but a little less powerful. [a neqoxec]
 57486 | Abyss:2  | Reached skill level 10 in Dodging
 57599 | Abyss:3  | Noticed an ancient lich
 57614 | Abyss:3  | Paralysed by accursed screaming for 1 turns
 57616 | Abyss:3  | Killed an ancient lich
 57792 | Abyss:3  | Gained mutation: Armour fits poorly on your strangely
                  | shaped body. [a shining eye]
 57794 | Abyss:3  | Gained mutation: You are dopey. (Int -2) [a shining eye]
 57796 | Abyss:3  | Gained mutation: Your spells are easier to cast, but less
                  | powerful. [a shining eye]
 57944 | Abyss:3  | Identified the +3 robe of the Battered Beggars {rCorr Str+2
                  | Slay+2} (Okawaru gifted it to you on level 3 of the Abyss)
 57944 | Abyss:3  | Received a gift from Okawaru
 58038 | Abyss:4  | Found a corrupted altar of Lugonu.
 58063 | Abyss:4  | Found a corrupted altar of Lugonu.
 58150 | Abyss:4  | Found a corrupted altar of Lugonu.
 58281 | Abyss:4  | Reached XP level 25. HP: 144/200 MP: 31/32
 58304 | Abyss:4  | Gained mutation: Potions are less effective at restoring
                  | your health. [a neqoxec]
 58311 | Depths:5 | Escaped the Abyss
 58930 | Spider:3 | Lost mutation: You are clumsy. (Dex -2) [potion of
                  | mutation]
 58930 | Spider:3 | Lost mutation: You occasionally shout uncontrollably at
                  | your foes. [potion of mutation]
 58930 | Spider:3 | Lost mutation: You are dopey. (Int -2) [potion of mutation]
 58930 | Spider:3 | Gained mutation: You have supernaturally acute eyesight.
                  | (SInv) [potion of mutation]
 58930 | Spider:3 | Gained mutation: You are frail. (-10% HP) [potion of
                  | mutation]
 58931 | Spider:3 | Lost mutation: Your spells are easier to cast, but less
                  | powerful. [potion of mutation]
 58931 | Spider:3 | Lost mutation: You are frail. (-10% HP) [potion of
                  | mutation]
 58931 | Spider:3 | Gained mutation: Your body sometimes deteriorates upon
                  | taking damage. [potion of mutation]
 58931 | Spider:3 | Gained mutation: You passively map a small area around you.
                  | [potion of mutation]
 58932 | Spider:3 | Lost mutation: Your body sometimes deteriorates upon taking
                  | damage. [potion of mutation]
 58932 | Spider:3 | Lost mutation: Armour fits poorly on your strangely shaped
                  | body. [potion of mutation]
 58932 | Spider:3 | Lost mutation: Potions are less effective at restoring your
                  | health. [potion of mutation]
 58932 | Spider:3 | Gained mutation: You expend magic power (3 MP) to
                  | strengthen your wands. [potion of mutation]
 59900 | Vaults:5 | Identified the Grimoire of Icy Flames
 59939 | Vaults:5 | Found the +10 zealot's sword {holy, *Rage rN+ EV+3}
 59972 | Vaults:5 | Got a silver rune of Zot
 60035 | Vaults:5 | Identified the -6 pair of gloves of Wyfoch {Str+2} (Okawaru
                  | gifted it to you on level 5 of the Vaults)
 60035 | Vaults:5 | Received a gift from Okawaru
 60725 | Vaults:5 | Reached skill level 20 in Shields
 61115 | Vaults:5 | Identified the +3 leather armour of the Other World {Fly
                  | Regen+}
 61122 | Vaults:5 | Identified the +9 glaive of Instant Death {vorpal, +Rage
                  | rN++ Int-5 Stlth+}
 61128 | Vaults:5 | Identified Sif Muna's Almanac of Shifting Battle Magic
 62236 | Zot:1    | Entered Level 1 of the Realm of Zot
 62312 | Zot:1    | Reached skill level 1 in Axes
 62329 | Zot:1    | Identified the +5 shortbow of Ancient Evil {flame, rElec
                  | rN+}
 62436 | Zot:1    | Received a gift from Okawaru
 62564 | Zot:1    | Gained mutation: Your magical and physical power is greatly
                  | enhanced at high health. [demonic ancestry]
 62564 | Zot:1    | Reached XP level 26. HP: 208/210 MP: 31/32
 62594 | Zot:1    | Received a gift from Okawaru
 62831 | Zot:1    | Received a gift from Okawaru
 63009 | Zot:2    | Identified the +2 robe of the Shining Light {rC+++ rCorr
                  | MP-9 Dex+3}
 63058 | Zot:2    | Identified the +7 shortbow "Nualeocs" {speed, rN+ Int+4
                  | Dex-3 SInv}
 63478 | Zot:2    | Received a gift from Okawaru
 63781 | Zot:2    | Reached skill level 5 in Axes
 64028 | Zot:3    | Received a gift from Okawaru
 64140 | Zot:3    | Found a transporter.
 64206 | Zot:3    | Received a gift from Okawaru
 64273 | Zot:3    | Received a gift from Okawaru
 64480 | Zot:3    | Found a transporter.
 64914 | Zot:3    | Noticed a dread lich
 64933 | Zot:3    | Killed a dread lich
 64949 | Zot:3    | Reached skill level 21 in Shields
 64966 | Zot:3    | Identified the ring "Pefiny" {Fly rPois Int+6}
 64982 | Zot:3    | Identified the ring of Yendor {rElec Will+}
 65047 | Zot:4    | Noticed a juggernaut
 65055 | Zot:4    | Killed a juggernaut
 65075 | Zot:4    | Noticed a dread lich
 65098 | Zot:4    | Killed a dread lich
 65330 | Zot:4    | Noticed an orb of fire
 65337 | Zot:4    | Gained mutation: Armour fits poorly on your strangely
                  | shaped body. [an orb of fire]
 65428 | Zot:3    | Received a gift from Okawaru
 65465 | Zot:4    | Reached XP level 27. HP: 219/219 MP: 24/32
 65467 | Zot:4    | Gained mutation: You are robust. (+10% HP) [an orb of fire]
 65482 | Zot:3    | Killed an orb of fire
 65758 | Zot:4    | Received a gift from Okawaru
 66279 | Zot:5    | Entered Level 5 of the Realm of Zot
 66477 | Zot:5    | Found a runed translucent gate.
 66477 | Zot:5    | Found a runed translucent gate.
 66477 | Zot:5    | Found a runed translucent gate.
 66489 | Zot:5    | Noticed Glokmah's ghost (legendary GnVM)
 66524 | Zot:5    | Killed Glokmah's ghost
 67874 | Shoals:2 | Lost mutation: You are robust. (+10% HP) [potion of
                  | mutation]
 67874 | Shoals:2 | Gained mutation: You tend to lose your temper in combat.
                  | [potion of mutation]
 67874 | Shoals:2 | Gained mutation: You have a pair of small antennae on your
                  | head. [potion of mutation]
 67874 | Shoals:2 | Gained mutation: You are agile. (Dex +2) [potion of
                  | mutation]
 67923 | Shoals:1 | Lost mutation: Armour fits poorly on your strangely shaped
                  | body. [potion of mutation]
 67923 | Shoals:1 | Lost mutation: You expend magic power (3 MP) to strengthen
                  | your wands. [potion of mutation]
 67923 | Shoals:1 | Gained mutation: You evolve. [potion of mutation]
 68063 | Spider:3 | Lost mutation: You have supernaturally acute eyesight.
                  | (SInv) [potion of mutation]
 68063 | Spider:3 | Lost mutation: Your spells are a little easier to cast, but
                  | a little less powerful. [potion of mutation]
 68063 | Spider:3 | Lost mutation: You tend to lose your temper in combat.
                  | [potion of mutation]
 68063 | Spider:3 | Gained mutation: You are weak. (Str -2) [potion of
                  | mutation]
 68063 | Spider:3 | Gained mutation: You have a pair of antennae on your head.
                  | [potion of mutation]
 68324 | Vaults:2 | Lost mutation: You evolve. [potion of mutation]
 68324 | Vaults:2 | Lost mutation: You passively map a small area around you.
                  | [potion of mutation]
 68324 | Vaults:2 | Lost mutation: You are agile. (Dex +2) [potion of mutation]
 68324 | Vaults:2 | Gained mutation: You have a beak for a mouth. [potion of
                  | mutation]
 68324 | Vaults:2 | Gained mutation: Your spells are a little easier to cast,
                  | but a little less powerful. [potion of mutation]
 68558 | Depths:5 | Lost mutation: Your spells are a little easier to cast, but
                  | a little less powerful. [potion of mutation]
 68558 | Depths:5 | Lost mutation: You are weak. (Str -2) [potion of mutation]
 68558 | Depths:5 | Gained mutation: Your magical capacity is low. (-10% MP)
                  | [potion of mutation]
 68558 | Depths:5 | Gained mutation: You occasionally shout uncontrollably at
                  | your foes. [potion of mutation]
 69014 | Zot:5    | Received a gift from Okawaru
 69035 | Zot:5    | Reached skill level 22 in Shields
 70111 | Zot:5    | Received a gift from Okawaru
 70487 | Zot:5    | Noticed an ancient lich
 70501 | Zot:5    | Killed an ancient lich
 70502 | Zot:5    | Reached skill level 15 in Armour
 70523 | Zot:5    | Noticed an orb of fire
 70528 | Zot:5    | Noticed an ancient lich
 70530 | Zot:5    | Noticed an orb of fire
 70531 | Zot:5    | Noticed an ancient lich
 70543 | Zot:5    | Gained mutation: You are frail. (-10% HP) [an orb of fire]
 70548 | Zot:5    | Killed an orb of fire
 70552 | Zot:5    | Killed an ancient lich
 70565 | Zot:5    | Killed an orb of fire
 70570 | Zot:5    | Killed an ancient lich
 70904 | Zot:5    | Identified the ring of Free Expression {Fly rF+ MP+9 Str+3}
 70916 | Zot:5    | Identified the +0 ring mail of Sharp Liberty {rF++ rN+
                  | Str-5 SInv} (Okawaru gifted it to you on level 5 of the
                  | Realm of Zot)
 70916 | Zot:5    | Received a gift from Okawaru
 71031 | Zot:5    | Reached skill level 23 in Shields
 71056 | Zot:5    | Lost mutation: Your magical capacity is low. (-10% MP)
                  | [mutagenic glow]
 71073 | Zot:5    | Gained mutation: You are very frail. (-20% HP) [mutagenic
                  | glow]
 71080 | Zot:5    | Gained mutation: Your body sometimes deteriorates upon
                  | taking damage. [mutagenic glow]
 71367 | Zot:5    | Noticed an orb of fire
 71371 | Zot:5    | Killed an orb of fire
 71505 | Zot:5    | Got the Orb of Zot
 71698 | Zot:1    | Noticed Suamod the pandemonium lord
 71724 | Depths:5 | Killed Suamod the pandemonium lord
 72211 | D:4      | Received a gift from Okawaru
 72321 | D:$      | Escaped with the Orb!

Illustrated notes

Levels and vault maps discovered:
D:1:      wander_arrival_chamber, layout_loops_corners, minmay_surrounded
D:2:      layout_basic, ebering_ecumenical_altar_mist, uniq_sigmund,
          uniq_natasha
D:3:      layout_basic, minmay_fractal_squares_5
D:4:      minmay_spotlight, layout_basic, temple_green, minmay_door_square,
          uniq_ijyb
D:5:      layout_loops_ring, serial_co_window_serial, co_window_corner_a,
          co_window_corner_a, co_window_corner_a, co_window_of_opportunity_a,
          co_window_corner_a, co_window_corner_a, co_window_paths_b,
          co_window_paths_c, co_window_corner_cb, co_window_broadway_b,
          co_window_of_opportunity_b, co_window_of_opportunity_b,
          co_window_cross_4, co_window_paths_e, co_window_4corner_b,
          glass_columns_c, glass_columns_b, minmay_joined_circles
D:6:      layout_loops_corners, serial_shops, shop,
          hangedman_abyss_or_decor_stagger
D:7:      minmay_slanted_spiral_squares, layout_loops_ring,
          nicolae_ossuary_entry_false_entrances
D:8:      layout_loops_ring, uniq_psyche
D:9:      layout_irregular_city, nzn_hepliaklqana_mist_gate, lair_entry_dummy,
          minmay_diamond_spiral, uniq_maggie, uniq_erolcha
D:10:     layout_basic, orc_0_dummy, ebering_ghost_rock_garden, serial_shops,
          shop, nicolae_shop_waterfront, shop, shop
D:11:     layout_irregular_city, solitary_fountain
D:12:     layout_grid_maze, enter_bailey_2
D:13:     layout_loops_ring, skrybe_vaults_entry_preservation, serial_shops,
          bzr_entry_road, kennysheep_little_box, shop, shop, st_stairs_9,
          hangedman_stone_soup
D:14:     layout_cave_pods, columned_hall_lemuel, drop_trap
D:15:     grunt_enter_depths_giant_problem, layout_small_grid, serial_undead,
          serial_undead_c, serial_undead_b, serial_undead_a, serial_undead_a,
          uniq_josephine
Temple:   compressed_dpeg_triangle_lava_temple
Lair:1:   beast_lair_carwin_large_2, layout_cave_pods,
          chequers_serial_rivers_marsh, st_stairs_8, lemuel_fruit_fields
Lair:2:   layout_regular_city, portal_ice_cave_entry_pillars_1,
          gauntlet_entry_generic
Lair:3:   layout_cave_pods, minmay_shoals_entry_beasts,
          gammafunk_ghost_wrathful_warriors, grunt_megastairs_5
Lair:4:   layout_roguey, nicolae_spider_entry_orb_guardian,
          small_statue_intersection, grunt_forest_large_clearings,
          serial_bayou_shore_a, lemuel_fruit_tree
Lair:5:   layout_roguey, slime_altar_1, uniq_rupert
Lair:6:   minmay_lair_end_frog_pond, layout_regular_city
Shoals:1: layout_shoals, serial_shops, shop_fountains
Shoals:2: layout_shoals, serial_shops, shop_fountains
Shoals:3: layout_shoals, ebering_ghost_rock_garden
Shoals:4: shoals_end_grunt_ice, layout_shoals, shoals_ilsuiw_ice,
          uniq_polyphemus
Spider:1: layout_chambers
Spider:2: layout_chambers, uniq_arachne
Spider:3: layout_spider_delve, uniq_mara, uniq_asterion, uniq_bai_suzhen
Spider:4: floodkiller_spider_rune_tomb
Orc:1:    cheibrodos_orc_bank, layout_caves, mines1_david
Orc:2:    st_orc_pillars, layout_diamond_mine, uniq_sonja, uniq_maurice,
          uniq_donald, uniq_azrael
Vaults:1: hangedman_vaults_capsules, vaults_room_pool, v_misc_23,
          vaults_mumra_chevron_long, nicolae_vaults_triangles,
          vaults_room_fours, vaults_room_octagon,
          vaults_room_grunt_arrival_ludios, layout_vaults_quadrants
Vaults:2: v_misc_14, grunt_vaults_trifunnel, minmay_crypt_entry_simple_corners,
          vaults_dpeg_diagonal, nicolae_vaults_three_branches,
          hangedman_vaults_maws, v_rooms_3, nicolae_vaults_little_squares_5,
          hangedman_vaults_locks, vaults_room_octagon,
          ontoclasm_vaults_ligature, nicolae_vaults_circle_grid_a,
          layout_vaults_omnicross, uniq_saint_roka, uniq_nikola
Vaults:3: hangedman_vaults_cutoff, ontoclasm_vaults_ring_large,
          nicolae_vaults_holding_cells, v_misc_9, hangedman_vaults_snaps,
          hangedman_vaults_stagger, ontoclasm_vaults_ring_large,
          hangedman_vaults_corner, nicolae_vaults_asterisk,
          vaults_standard_mumra_enter_the_diamond, ontoclasm_vaults_pinch,
          vaults_dpeg_hooks, layout_vaults_omnibox, serial_glass
Vaults:4: ontoclasm_vaults_shuriken, vaults_room_fancy_cross,
          ontoclasm_vaults_gateway, vaults_standard_mumra_x,
          vaults_room_grunt_arrival_checkpoint, v_misc_19,
          nicolae_vaults_diagonal_hallway_7, layout_vaults_big_room,
          serial_shops, shop, uniq_margery
Vaults:5: serial_shops
Depths:1: hourglass_vault, layout_gridlike, enter_ziggurat_f, hellmouth_1,
          elyvilon_altar_4, fedhas_altar_1
Depths:2: minmay_the_grid_triangle_9x9_rhombus_thin_mashed
          [minmay_the_grid_triangle_9x9_intruding_spiral,
          minmay_the_grid_triangle_9x9_prize_insulated,
          minmay_the_grid_triangle_9x9_flanged_cone,
          minmay_the_grid_triangle_9x9_swiss_cheese], layout_basic,
          pf_hell_entry_tar_spiral, minmay_misc_feat_hallway
Depths:3: grunt_x_marks_the_spot, layout_cave_pools, abyss_entry,
          lightli_too_deep, rand_demon_pan_entry_3, kennysheep_doodads,
          serial_bayou_shore_b
Depths:4: minmay_bad_star, layout_cave_shapes, abyss_entry_flame_altar,
          nicolae_trove_entry_free_sample, hell_entry, minmay_holes,
          grunt_pan_entry_sceptre, serial_shops, nicolae_shop_trees,
          hangedman_decor_clover_reticule
Depths:5: evilmike_zot_entry_castle, layout_basic,
          nicolae_tso_swordbearing_angel,
          nicolae_abyss_entry_one_way_or_another, pf_coc_iceberg
Zot:1:    layout_misc_corridors
Zot:2:    layout_onion
Zot:3:    gammafunk_its_a_trap, layout_concentric_octagons
Zot:4:    ebering_greatest_show_in_zot, layout_cellular_growth
Zot:5:    layout_concentric_octagons, ebering_ghost_rock_garden

Skill      XL: |  1  2  3  4  5  6  7  8  9 10 11 12 13 14 15 16 17 18 19 20 21 22 23 24 25 26 27 |
---------------+----------------------------------------------------------------------------------+-----
Polearms       | 2 3 4 5 6 7 9 10 11 12 13 14 | 14.0
Shields        | 3 4 5 6 8 9 10 11 12 13 14 15 16 17 18 19 20 21 23 | 23.3
Fighting       | 4 5 6 7 8 9 10 11 12 13 14 15 16 17 18 20 | 20.0
Invocations    | 2 3 5 7 9 10 | 10.0
Throwing       | 2 3 4 5 6 7 9 10 11 12 14 | 14.4
Armour         | 3 4 6 7 8 9 10 11 12 13 14 16 | 16.0
Evocations     | 1 4 5 7 8 10 11 12 13 | 13.0
Dodging        | 1 3 5 6 7 9 10 11 12 | 12.0
Short Blades   | 5 8 10 11 12 | 12.0
Maces & Flails | 3 6 8 10 11 12 | 12.0
Spellcasting   | 2 4 6 |  6.0
Transmutations | 5 8 9 |  9.0
Translocations | 4 5 8 9 |  9.2
Axes           | 2 8 |  8.2

Action                   |  1- 3 |  4- 6 |  7- 9 | 10-12 | 13-15 | 16-18 | 19-21 | 22-24 | 25-27 || total
-------------------------+-------+-------+-------+-------+-------+-------+-------+-------+-------++-------
Melee: Trident           |   101 |   106 |   559 |   864 |       |       |       |       |       ||  1630
       Kick              |    15 |    26 |   172 |       |       |   163 |   655 |   681 |   765 ||  2477
       Dagger            |       |    30 |    53 |     9 |       |       |       |       |       ||    92
       Demon trident     |       |       |       |   151 |  2070 |  1708 |   728 |       |       ||  4657
       Demon whip        |       |       |       |       |       |       |   811 |  1383 |  1387 ||  3581
       Hand axe          |       |       |       |       |       |       |       |       |    69 ||    69
       Peck              |       |       |       |       |       |       |       |       |   132 ||   132
Throw: Dart              |       |       |     3 |    15 |     8 |       |       |       |       ||    26
       Boomerang         |       |       |       |     3 |       |       |    13 |       |       ||    16
       Javelin           |       |       |       |       |       |       |       |       |    16 ||    16
 Cast: Wereblood         |       |       |       |       |       |       |     1 |       |    13 ||    14
       Blink             |       |       |       |       |       |       |       |       |    11 ||    11
Invok: Heroism           |       |       |     1 |    12 |    14 |    13 |    18 |    13 |    23 ||    94
       Finesse           |       |       |       |     2 |     1 |     6 |     5 |     3 |     9 ||    26
 Abil: Evoke Berserk Rag |       |       |       |       |     1 |       |       |       |       ||     1
       Evoke Invisibilit |       |       |       |       |     1 |       |     2 |       |     2 ||     5
Evoke: Wand              |       |       |     7 |    11 |     1 |       |       |       |     8 ||    27
       Lightning rod     |       |       |     1 |     2 |       |       |       |       |     1 ||     4
       Condenser vane    |       |       |       |     1 |       |       |       |       |       ||     1
  Use: Potion            |       |     3 |     2 |     2 |     1 |     1 |     3 |     8 |    21 ||    41
       Scroll            |       |       |    17 |    14 |     7 |     6 |     4 |     7 |    20 ||    75
 Stab: Sleeping          |       |       |       |       |     7 |       |       |       |       ||     7
       Invisible         |       |       |       |       |     9 |       |    10 |       |    26 ||    45
       Distracted        |       |       |       |       |       |     1 |       |       |     3 ||     4
       Petrified         |       |       |       |       |       |    12 |       |       |       ||    12
Armor: Scale mail        |    46 |    66 |       |       |       |       |       |       |       ||   112
       Chain mail        |       |    13 |   161 |   260 |       |       |       |       |       ||   434
       Shadow dragon sca |       |       |       |    21 |   217 |       |       |       |       ||   238
       Plate armour      |       |       |       |       |   185 |   365 |   241 |   216 |   222 ||  1229
Dodge: Dodged            |    26 |    67 |   107 |   273 |   751 |   662 |   582 |   439 |   528 ||  3435
       Repelled          |       |       |       |     8 |     5 |     3 |    11 |    16 |    36 ||    79
Block: Kite shield       |    50 |    94 |   425 |   807 |  1658 |  1155 |   824 |   709 |  1129 ||  6851
       Reflection        |       |       |       |       |    18 |    12 |       |       |       ||    30

Table legend: (Time is in decaauts)
 A = Elapsed time spent in this place.
 B = Non-inter-level travel time spent in this place.
 C = Inter-level travel time spent in this place.
 D = Time resting spent in this place.
 E = Time spent auto-exploring this place.
 F = Levels seen in this place.
 G = Mean time per level.
                   A        B        C        D        E       F      G
               +--------+--------+--------+--------+--------+-----+--------+
         Total |  68926 |  59465 |   9461 |   9907 |  33145 |  63 | 1094.1 |
       Dungeon |  18290 |  15736 |   2554 |   2503 |   9502 |  15 | 1219.3 |
        Temple |    279 |    228 |     51 |      0 |    218 |   1 |  279.0 |
          Lair |   8613 |   6646 |   1967 |    183 |   4273 |   6 | 1435.5 |
        Shoals |   5687 |   5303 |    384 |   1172 |   3102 |   4 | 1421.8 |
   Spider Nest |   5217 |   4664 |    553 |    465 |   3095 |   4 | 1304.2 |
  Orcish Mines |   2250 |   1985 |    265 |    363 |    800 |   2 | 1125.0 |
        Vaults |   9803 |   7877 |   1926 |   1855 |   4567 |   5 | 1960.6 |
        Depths |   8813 |   7588 |   1225 |   1687 |   4205 |   5 | 1762.6 |
           Zot |   6221 |   5687 |    534 |   1336 |   2621 |   5 | 1244.2 |
         Abyss |   2482 |   2482 |      0 |    305 |    500 |  11 |  225.6 |
        Bazaar |    168 |    168 |      0 |      0 |     26 |   1 |  168.0 |
         Trove |    105 |    105 |      0 |      0 |     23 |   1 |  105.0 |
       Ossuary |    259 |    259 |      0 |      0 |      1 |   1 |  259.0 |
      Ice Cave |    466 |    466 |      0 |     36 |     79 |   1 |  466.0 |
      Gauntlet |    266 |    266 |      0 |      0 |    131 |   1 |  266.0 |
               +--------+--------+--------+--------+--------+-----+--------+

Top non-repeatable levels by time:
Depths:5: 3654 daAuts
Vaults:2: 2204 daAuts
Vaults:1: 2166 daAuts
Vaults:3: 2136 daAuts
     D:5: 1916 daAuts
  Lair:3: 1877 daAuts
     D:3: 1848 daAuts
   Zot:5: 1847 daAuts
Shoals:4: 1812 daAuts
  Lair:4: 1779 daAuts
Vaults:5: 1741 daAuts
  Lair:1: 1695 daAuts
     D:7: 1632 daAuts
Depths:3: 1630 daAuts
Vaults:4: 1553 daAuts
